 Dungeon Crawl Stone Soup version 0.24.0-28-g17ded55e90 (webtiles) character file.

Game seed: 7767335835047786354, levelgen mode: deterministic

28 H0rd4k the Magician (level 2, -3/15 HPs)
             Began as a Deep Elf Wizard on Nov 13, 2019.
             Slain by an adder (4 damage)
             ... on level 1 of the Dungeon.
             The game lasted 00:02:44 (852 turns).

H0rd4k the Magician (Deep Elf Wizard)                Turns: 852, Time: 00:02:45

Health: -3/15      AC:  2    Str:  4    XL:     2   Next: 96%
Magic:  0/10       EV: 13    Int: 22    God:
Gold:   96         SH:  0    Dex: 13    Spells: 10/11 levels left

rFire    . . .     SeeInvis .   (no weapon)
rCold    . . .     Gourm    .   (no shield)
rNeg     . . .     Faith    .   a - +0 robe
rPois    .         Spirit   .   b - +0 hat
rElec    .         Reflect  .   (no cloak)
rCorr    .         Harm     .   (no gloves)
MR       .....                  (no boots)
Stlth    ++........             (no amulet)
HPRegen  0.05/turn              (no ring)
MPRegen  0.12/turn              (no ring)

@: lethally poisoned (-3 -> -8)
A: no striking features
a: no special abilities


You were on level 1 of the Dungeon.
You were not hungry.

You visited 1 branch of the dungeon, and saw 2 of its levels.

You collected 96 gold pieces.

Inventory:

Armour
 a - a +0 robe (worn)
 b - a +0 hat (worn)
Scrolls
 e - a scroll of enchant armour {unknown}
 f - 2 scrolls of amnesia {unknown}
 h - a scroll of identify {unknown}
 i - a scroll of immolation {unknown}
 l - a scroll of noise {unknown}
 m - a scroll of teleportation {unknown}
Potions
 c - a potion of brilliance {unknown}
 g - 2 potions of lignification {unknown}
 j - a potion of magic {unknown}
 k - a potion of haste {unknown}
 n - a potion of invisibility {unknown}
Comestibles
 d - 2 rations


   Skills:
 + Level 2.6 Dodging
 + Level 3.2 Stealth
 + Level 5.1 Spellcasting
 + Level 1.6 Conjurations
   Level 1.1 Summonings
   Level 1.1 Translocations


You had 10 spell levels left.
You knew the following spells:

 Your Spells              Type           Power        Failure   Level  Hunger
a - Magic Dart            Conj           ##..         5%          1    None

Your spell library contained the following spells:

 Spells                   Type           Power        Failure   Level  Hunger
 Blink                    Tloc           N/A          10%         2    None
 Call Imp                 Summ           ##......     10%         2    None
 Slow                     Hex            #.......     16%         2    None
 Conjure Flame            Conj/Fire      #.......     22%         3    ##.....
 Mephitic Cloud           Conj/Pois/Air  #.......     24%         3    ##.....


Dungeon Overview and Level Annotations

Branches:
Dungeon (2/15)

Altars:


Message History

The adder is moderately wounded.
The adder bites you.
* * * LOW HITPOINT WARNING * * *
Casting: Magic Dart (safe; 5% risk of failure)
Confirm with . or Enter, or press ? or * to list all spells.
Aiming: Magic Dart (safe; 5% risk of failure)
Press: ? - help, Shift-Dir - straight line, f/p - dart slug
Aim: a dart slug (heavily wounded, clinging)
The magic dart hits the adder.
The adder is heavily wounded.
The adder misses you.
Casting: Magic Dart (safe; 5% risk of failure)
Confirm with . or Enter, or press ? or * to list all spells.
Aiming: Magic Dart (safe; 5% risk of failure)
Press: ? - help, Shift-Dir - straight line, f/p - dart slug
Aim: a dart slug (heavily wounded, clinging)
The magic dart hits the adder but does no damage.
The adder is heavily wounded.
The adder bites you but does no damage. The adder bites you.
You die...

#.......##.# #.#####...)#
###........#.#####.####.)....
#......#.....................
###.#.(..##.##..###..###..#.(..
#.........#..#..###.####..#....
#............#...##.###...###.#
##...........#......##...## #.#
##...........###.#.......# #.#
##...........>.@Sw......### ##.#
##...≈≈≈.≈≈≈...####..#...#####.÷.
#...≈≈....♣≈≈..## #..#...........
#..≈≈...)8..≈≈..# #..#...##..##.#
#.≈≈.......♣.≈≈.###>.....#..###.#
#.≈.....♣[....≈............####..
#.≈..8........≈)..##.....#####..#
#.≈≈....<.8..≈≈.#.##...##........
#..≈≈....♣..≈≈....##...##.###...#


You could see an adder and a dart slug.

Vanquished Creatures
  A dart slug (D:1)
  A leopard gecko (D:1)
  A giant cockroach (D:1)
  5 goblins (D:1)
  3 hobgoblins (D:1)
  5 bats (D:1)
  A frilled lizard (D:1)
  3 kobolds (D:1)
  3 rats
23 creatures vanquished.

Notes
Turn   | Place    | Note
-------+----------+-------------------------------------------
     0 | D:1      | H0rd4k the Deep Elf Wizard began the quest for the Orb.
     0 | D:1      | Reached XP level 1. HP: 10/10 MP: 7/7
   192 | D:1      | Reached XP level 2. HP: 14/15 MP: 3/9
   466 | D:1      | Reached skill level 5 in Spellcasting
   852 | D:1      | Slain by an adder

Levels and vault maps discovered:
D:1:      moated_graveyard_arrival, layout_rooms, minmay_vboxes
D:2:      layout_loops_corners

Skill      XL: |  1  2 |
---------------+-------+-----
Stealth        | 3 |  3.2
Spellcasting   | 5 |  5.1
Dodging        | |  2.6
Conjurations   | |  1.6
Summonings     | |  1.1
Translocations | |  1.1

Action                   || total
-------------------------++-------
 Cast: Magic Dart        ||    63
Armor: Robe              ||     2
Dodge: Dodged            ||    19
